AoeStats
← Noroad

Glade

510514236Analyzed
1v1 RM · 18h ago on Oct 1, 2026· 41m 0s· 2 players
Game mode
Random Map
Map size
Tiny (2 player)
Population
200
Speed
Normal
Resources
Standard
Victory
Conquest
Starting age
Dark Age
Ending age
Imperial Age
RankedLock teamsTeams togetherTeam positionsShared explorationLock speedFull tech treeHidden civsTurbo modeCheats
Victory
Defeat
🇨🇳 Danes · China
1415
+13
🇹🇷 Huns · Türkiye
1340
-13
GLX_Mirach_61
14:33 Feudal Age
14:39 Man-at-Arms
15:11 Arson
14:47 Man-at-Arms
20:21 Loom
23:16 Castle Age
21:11 Fletching
23:17 Padded Archer Armor
24:01 Bodkin Arrow
25:08 Leather Archer Armor
29:56 Scale Barding Armor
30:38 Double-Bit Axe
30:57 Husbandry
33:23 Gold Mining
36:44 Imperial Age
36:57 Horse Collar
37:58 Conscription
38:44 Scale Barding Armor
38:03 Cavalier
Noroad
9:08 Loom
11:15 Feudal Age
18:06 Castle Age
20:25 Double-Bit Axe
26:37 Scale Mail Armor
30:42 Arson
31:23 Chain Mail Armor
33:04 Squires
33:10 Stone Mining
34:03 Wheelbarrow
33:43 Bow Saw
36:11 Forging
37:59 Iron Casting
39:30 Hand Cart
Connection lost

Rejoining the realm…

Still unreachable

The connection could not be restored.

Session expired

The server has moved on; the page needs a fresh start.